 Dungeon Crawl Stone Soup version 0.23.2-40-g277498a001 (webtiles) character file.

Game seed: 2977134809761291335

189 Frank2 the Chopper (level 5, -5/42 HPs)
             Began as a Demigod Gladiator on Aug 31, 2019.
             Slain by an ogre
             ... wielding a +0 giant club
              (16 damage)
             ... on level 4 of the Dungeon.
             The game lasted 00:03:47 (2843 turns).

Frank2 the Chopper (Demigod Gladiator)              Turns: 2843, Time: 00:03:48

Health: -5/42      AC:  8    Str: 22    XL:     5   Next: 17%
Magic:  7/7        EV: 13    Int: 12    God:
Gold:   165        SH:  0    Dex: 19    Spells: 4/4 levels left

rFire    . . .     SeeInvis .   a - +2 war axe
rCold    . . .     Gourm    .   (no shield)
rNeg     + . .     Faith    .   o - +0 ring mail
rPois    .         Spirit   .   c - +0 helmet
rElec    .         Reflect  .   q - +0 cloak
rCorr    .         Harm     .   j - +0 pair of gloves (curse)
MR       .....                  (no boots)
Stlth    +.........             (no amulet)
HPRegen  0.14/turn              p - +5 ring of strength
MPRegen  0.10/turn              m - ring of positive energy

@: no status effects
A: high mp 1
a: no special abilities


You were on level 4 of the Dungeon.
You were very hungry.

You visited 1 branch of the dungeon, and saw 4 of its levels.

You collected 165 gold pieces.

Inventory:

Hand Weapons
 a - a +2 war axe (weapon)
Missiles
 d - 2 throwing nets (quivered)
Armour
 c - a +0 helmet (worn)
 j - a cursed +0 pair of gloves (worn)
 o - a +0 ring mail (worn)
 q - a +0 cloak (worn)
Jewellery
 m - a ring of positive energy (right hand)
 p - a +5 ring of strength (left hand)
Scrolls
 e - a scroll of amnesia
 g - a scroll of identify
 l - a scroll of remove curse
Potions
 b - 4 potions of curing
 h - a potion of resistance
 i - a potion of haste
 k - a potion of heal wounds
 n - 2 potions of flight
Comestibles
 f - 11 rations


   Skills:
 + Level 2.4 Fighting
 + Level 4.5 Axes
 - Level 1.7 Throwing
 + Level 1.7 Armour
 + Level 3.2 Dodging


You had 4 spell levels left.
You didn't know any spells.
Your spell library was empty.

Dungeon Overview and Level Annotations

Branches:
Dungeon (4/15)
 Temple: D:4-7


Innate Abilities, Weirdness & Mutations

You have an increased reservoir of magic. (+10% MP)


Message History

The ogre is caught in the net!
The ogre struggles against the net.
The ogre struggles against the net.
You slash the ogre!
The ogre is moderately wounded.
The ogre struggles against the net.
You slash the ogre!
The ogre is severely wounded.
The ogre struggles against the net. x2
The net rips apart, and the ogre comes free!
You barely miss the ogre.
The ogre is severely wounded.
The ogre hits you with a +0 giant club!!
You barely miss the ogre.
The ogre is heavily wounded.
The ogre hits you with a +0 giant club!
* * * LOW HITPOINT WARNING * * *
You slash the ogre!
The ogre is almost dead.
The ogre hits you with a +0 giant club!
You die...

..# #)# #.# #.# # #.# .#
#.# ###.#####
######.#########.O......
................@..#
######.......#####.#
#######.# # #.# #.# #.#
#.. ###


You could see an ogre.

Vanquished Creatures
  A bullfrog skeleton (D:3)
  A worker ant (D:3)
  5 adders
  5 worms
  A dart slug (D:3)
  6 orcs
  A ball python (D:1)
  5 bats
  5 giant cockroaches
  12 hobgoblins
  11 jackals
  5 kobolds
  A quokka (D:3)
  A frilled lizard (D:3)
  3 goblins (D:1)
  4 rats
67 creatures vanquished.

Notes
Turn   | Place    | Note
-------+----------+-------------------------------------------
     0 | D:1      | Frank2 the Demigod Gladiator began the quest for the Orb.
     0 | D:1      | Reached XP level 1. HP: 17/17 MP: 3/3
   217 | D:1      | Reached skill level 3 in Axes
   362 | D:1      | Reached XP level 2. HP: 24/24 MP: 4/4
   938 | D:1      | Reached XP level 3. HP: 25/29 MP: 5/5
  1249 | D:2      | You fall through a shaft!
  1255 | D:3      | Reached skill level 1 in Armour
  1316 | D:3      | Reached skill level 4 in Axes
  1316 | D:3      | Reached XP level 4. HP: 26/36 MP: 6/6
  2369 | D:3      | Found a bloodstained altar of Trog.
  2370 | D:3      | Found an opulent altar of Gozag.
  2376 | D:3      | Found a hazy altar of Hepliaklqana.
  2376 | D:3      | Found a sparkling altar of Nemelex Xobeh.
  2376 | D:3      | Found an ornate altar of the Wu Jian Council.
  2386 | D:3      | Found a stormy altar of Qazlal.
  2429 | D:3      | Found a blossoming altar of Fedhas.
  2582 | D:3      | Reached XP level 5. HP: 42/42 MP: 7/7
  2835 | D:4      | Noticed an ogre
  2843 | D:4      | Slain by an ogre

Skill      XL: |  1  2  3 |
---------------+----------+-----
Fighting       | 2 |  2.4
Axes           | 3 4 |  4.5
Dodging        | 3 |  3.2
Armour         | 1 |  1.7
Throwing       | |  1.7

Action                   |  1- 3 |  4- 6 || total
-------------------------+-------+-------++-------
Melee: War axe           |    97 |    88 ||   185
Throw: Throwing net      |       |     1 ||     1
  Use: Scroll            |     7 |     7 ||    14
 Stab: Sleeping          |     1 |       ||     1
  Eat: Chunk             |     1 |     4 ||     5
Armor: Leather armour    |    11 |       ||    11
       Ring mail         |    31 |    32 ||    63
Dodge: Dodged            |    92 |    50 ||   142
